 Dungeon Crawl Stone Soup version 0.19.5 (webtiles) character file.

86 GreenAris the Skirmisher (level 4, -14/37 HPs)
             Began as a Human Fighter on Mar 30, 2017.
             Was an Initiate of the Shining One.
             Demolished by an ogre
             ... wielding a +0 giant club
              (17 damage)
             ... on level 4 of the Dungeon on Apr 1, 2017.
             The game lasted 00:27:18 (2060 turns).

GreenAris the Skirmisher (Human Fighter)            Turns: 2060, Time: 00:27:18

Health: -14/37     AC: 10    Str: 18    XL:     4   Next: 78%
Magic:  4/4        EV:  7    Int:  8    God:    the Shining One [......]
Gold:   73         SH:  9    Dex: 12    Spells: 0 memorised, 3 levels left

rFire  . . .     SeeInvis .     a - +0 long sword
rCold  . . .     Gourm    .     b - +0 scale mail
rNeg   . . .     Faith    .     c - +0 shield
rPois  .         Spirit   .     e - +1 helmet
rElec  .         Reflect  .     (no cloak)
rCorr  .         Harm     .     (no gloves)
MR     .....                    y - +0 pair of boots
Stlth  ..........               (no amulet)
                                (no ring)
                                (no ring)

@: glowing
A: no striking features
a: Renounce Religion


You were on level 4 of the Dungeon.
You worshipped the Shining One.
The Shining One was noncommittal.
You were not hungry.

You visited 1 branch of the dungeon, and saw 4 of its levels.

You collected 73 gold pieces.

Inventory:

Hand Weapons
 a - a +0 long sword (weapon)
 f - a +0 mace
 h - a +0 dagger
 i - a +0 club
 j - a +0 hunting sling
 o - a +0 dagger
 q - a cursed -2 dagger
Armour
 b - a +0 scale mail (worn)
 c - a +0 shield (worn)
 e - a +1 helmet (worn)
 x - a +0 ring mail
 y - a +0 pair of boots (worn)
Magical Staves
 r - an uncursed staff of poison {unknown}
Jewellery
 B - a cursed -5 ring of evasion {unknown}
Scrolls
 l - 2 scrolls of identify {unknown}
 m - a scroll of enchant weapon {unknown}
 v - a scroll of immolation {unknown}
 w - a scroll of remove curse {unknown}
 A - a scroll of fear {unknown}
Potions
 d - a potion of might
 k - a potion of ambrosia {unknown}
 n - a potion of heal wounds {unknown}
 p - 2 potions of resistance {unknown}
 s - 2 potions of lignification {unknown}
 t - a potion of brilliance {unknown}
 z - a potion of degeneration {unknown}
Comestibles
 g - a beef jerky
 u - a meat ration


   Skills:
 + Level 3.8 Fighting
 + Level 2.8 Long Blades
 + Level 3.4 Armour
 + Level 0.2 Dodging
 + Level 0.2 Stealth
 + Level 3.5 Shields


You had 3 spell levels left.
You didn't know any spells.

Dungeon Overview and Level Annotations

Branches:
Dungeon (4/15)
 Temple: D:4-7

Altars:
Dithmenos
Elyvilon
Hepliaklqana
The Shining One


Message History

The ogre is lightly wounded.
The ogre closely misses you.
You riposte.
You slash the ogre!
The ogre is heavily wounded.
You hit the ogre.
The ogre is heavily wounded.
You block the ogre's attack.
You slash the ogre!
The ogre is almost dead.
The ogre hits you with a giant club!
Your shield and scale mail prevent you from hitting the ogre.
The ogre is almost dead.
The ogre hits you with a giant club!
You hit the ogre but do no damage.
The ogre is almost dead.
The ogre hits you with a giant club!
* * * LOW HITPOINT WARNING * * *
You hit the ogre.
The ogre is almost dead.
The ogre hits you with a giant club!
You die...

### ##.# ..#
####### ###.#
###..>....
#.#.#####@O....#
#.......#.#.##.#
#..<......#.#
#.#.....##.......
# #............##
.................
..............####
####...######.#
#.... ..


You could see an ogre.

Vanquished Creatures
  3 adders (D:3)
  An ooze (D:2)
  A worm (D:3)
  A dart slug (D:2)
  2 leopard geckos (D:2)
  2 giant cockroaches (D:2)
  4 goblins (D:2)
  6 hobgoblins
  3 jackals (D:2)
  5 kobolds
  2 quokkas (D:2)
  A ball python (D:2)
  6 bats
  3 frilled lizards
  6 rats
46 creatures vanquished.

Notes
Turn   | Place    | Note
-------+----------+-------------------------------------------
     0 | D:1      | GreenAris the Human Fighter began the quest for the Orb.
     0 | D:1      | Reached XP level 1. HP: 18/18 MP: 1/1
   136 | D:1      | You fall through a shaft!
   204 | D:2      | Reached XP level 2. HP: 16/24 MP: 2/2
   392 | D:2      | Reached XP level 3. HP: 23/29 MP: 3/3
   548 | D:2      | Found a shadowy altar of Dithmenos.
   549 | D:2      | Found a glowing golden altar of the Shining One.
   592 | D:2      | Found a hazy altar of Hepliaklqana.
  1407 | D:3      | Reached XP level 4. HP: 33/37 MP: 4/4
  1883 | D:2      | Found a white marble altar of Elyvilon.
  1912 | D:2      | Became a worshipper of the Shining One
  2050 | D:4      | Noticed an ogre
  2060 | D:4      | Demolished by an ogre

Action                   |  1- 3 |  4- 6 || total
-------------------------+-------+-------++-------
Melee: Long sword        |   108 |    61 ||   169
  Eat: Bread ration      |     1 |       ||     1
Armor: Scale mail        |    47 |    31 ||    78
Dodge: Dodged            |    36 |    23 ||    59
Block: Shield            |    53 |    21 ||    74
       Rpst.: Long sword |    13 |    10 ||    23
